 Dungeon Crawl Stone Soup version bcrawl-1.34.3 (webtiles) character file.

Game seed: 9682654398904355850

328240 KristoblXynda the Slicer (level 11, 0/74 HPs)
             Began as a Kobold Gladiator on Oct 19, 2021.
             Was a Follower of Ashenzari.
             Splashed by a jelly's acid (3 damage)
             ... on level 8 of the Dungeon.
             The game lasted 00:11:23 (8215 turns).

KristoblXynda the Slicer (Kobold Gladiator)         Turns: 8215, Time: 00:11:24

Health: 0/74       AC:  2    Str: 14    XL:     11   Next: 4%
Magic:  15/15      EV: 20    Int: 10    God:    Ashenzari [*.....]
Gold:   542        SH:  0    Dex: 17    Spells: 10/10 levels left

rFire    . . .     SeeInvis +   E - +5 short sword (venom) (curse)
rCold    . . .     Gourm    .   (shield restricted)
rNeg     . . .     Faith    .   w - +0 ring mail
rPois    +         Spirit   .   u - +1 helmet
rElec    +         Reflect  .   (no cloak)
rCorr    .         Harm     .   (no gloves)
MR       .....                  s - +1 pair of boots
Stlth    ++++......             q - amulet of Vision {SInv *Curse} (curse)
HPRegen  0.22/turn              A - ring of insulation
MPRegen  0.14/turn              y - ring of poison resistance

@: corroded
A: small, talons 1, carnivore, mutation resistance 1, sense surroundings 2
a: Curse Item, Scrying, Renounce Religion


You were on level 8 of the Dungeon.
You worshipped Ashenzari.
Ashenzari was aware of your devotion.
You were full.

You visited 2 branches of the dungeon, and saw 9 of its levels.

You collected 542 gold pieces.

Inventory:

Hand Weapons
 E - a cursed +5 short sword of venom (weapon)
Missiles
 d - a throwing net (quivered) {=f}
Armour
 s - a +1 pair of boots (worn)
 u - a +1 helmet (worn)
 w - a +0 ring mail (worn)
Jewellery
 q - the cursed amulet of Vision (around neck) {SInv *Curse}
   (You found it in the Ecumenical Temple)

   [amulet of nothing]

   It lets you see invisible.
   It curses itself when equipped.
   It has a curse placed upon it.
 y - a ring of poison resistance (right hand)
 A - a ring of insulation (left hand)
Wands
 g - a wand of iceblast (8)
 i - a wand of scattershot (6)
Scrolls
 h - a scroll of fog
 j - a scroll of blinking
 k - 2 scrolls of immolation
 o - 10 scrolls of teleportation
 r - 2 scrolls of remove curse
 B - a scroll of enchant weapon
Potions
 a - a potion of degeneration {unknown}
 b - a potion of might {unknown}
 c - a potion of cancellation {unknown}
 f - a potion of resistance {unknown}
 m - 2 potions of berserk rage {unknown}
 n - 2 potions of agility
 t - 4 potions of curing
 v - a potion of magic {unknown}
 x - a potion of brilliance {unknown}
 z - 4 potions of flight
 D - 2 potions of haste {unknown}
Comestibles
 e - 16 rations {!d}


   Skills:
 + Level 6.4 Fighting
 + Level 10.3 Short Blades
 - Level 2.6 Throwing
 - Level 5.8 Armour
 + Level 9.5 Dodging
 + Level 10.1 Stealth
 - Level 6.0 Evocations


You had 10 spell levels left.
You didn't know any spells.
Your spell library contained the following spells:

 Spells                   Type           Power        Failure   Level  Hunger
 Iskenderun's Battlesphe  Conj/Chrm      #.......     100%        5    #######
 Piercing Shot            Chrm           #.........   100%        5    #######
 Silence                  Hex/Air        #.........   100%        5    #######
 Deflect Missiles         Chrm/Air       #.........   100%        6    #######
 Infestation              Hex/Tmut/Pois  #........    100%        6    #######
 Discord                  Hex            #.........   100%        7    #######


Dungeon Overview and Level Annotations

Branches:
Dungeon (8/12)             Temple (1/1) D:6            Lair (0/6) D:8
    Orc: D:8-11

Altars:
Ashenzari
Cheibriados
Dithmenos
Fedhas
Gozag
Kikubaaqudgha
Lugonu
Makhleb
Nemelex Xobeh
Okawaru
Qazlal
Ru
Sif Muna
Trog
Vehumet
Wu Jian
Xom
Yredelemnul
Zin
The Shining One

Shops:
D:5 (


Innate Abilities, Weirdness & Mutations

You are small and have problems with some larger weapons.
You have sharp toenails.
You are carnivorous and can eat meat at any time.
You are somewhat resistant to further mutation.
You passively map the area around you.


Message History

You are too injured to fight recklessly!
You are too injured to fight recklessly!
You are too injured to fight recklessly!
You are too injured to fight recklessly!
You are too injured to fight recklessly!
You hit the jelly.
Your hands burn!
The jelly is moderately wounded.
You hit the jelly.
Your hands burn!
The jelly is heavily wounded.
The jelly hits you.
You are splashed with acid!
* * * LOW HITPOINT WARNING * * *
You hit the jelly.
Your hands burn!
* * * LOW HITPOINT WARNING * * *
The jelly is severely wounded.
The jelly hits you.
* * * LOW HITPOINT WARNING * * *
You are splashed with acid!
* * * LOW HITPOINT WARNING * * *
You hit the jelly.
Your hands burn!
You die...

#.#.##)#.# *,**## **,,,,,**
#>.....).# #.##.## **,,,,,,,*
##......###**##.#...#***,,,,,,,,,
............,,......,,,+,,,,,,,,,
##....#.####**#.#.≈******,,,,,,,,
#...##.# #..≈#*### *,,,,,,,*
#.#.##.# #...#...#***,,,,,**
#..###.# #..J'.#,+,***,,,** #..#
#.# #.@J#..?#** **+** #..###.##
##.≈##### *,* #.......## ##.≈#
*,* ###.####..# ###.##### **,****
....# ##.# #.....(.# **,,,,,,
##### #.## #.#.###.# *,,,,,*,
#..#####.#.###.####,,,**,
#..........≈≈≈≈≈≈≈..,,,,,
#..≈.≈.≈..≈≈≈≈≈≈≈....,,*,


You could see a jelly and an ooze.

Vanquished Creatures
  A catoblepas (D:8)
  A troll (D:8)
  Prince Ribbit (D:7)
  Grinder (D:4)
  2 hippogriffs
  A yak (D:6)
  Menkaure (D:7)
  Edmund (D:6)
  An orc warrior (D:5)
  2 ice beasts
  2 black bears
  3 sky beasts
  2 slaves (D:7)
  5 ogres
  3 centaurs
  4 wolves (D:8)
  3 bullfrogs
  A water moccasin zombie (D:7)
  A howler monkey (D:7)
  5 orc priests
  6 electric eels
  2 crimson imps (D:8)
  2 bullfrog zombies
  3 jellies
  2 hounds (D:7)
  2 bullfrog skeletons
  2 iguanas
  Natasha (D:3)
  12 orc wizards
  9 worker ants
  A hound zombie (D:6)
  A hound skeleton (D:8)
  A worker ant zombie (D:8)
  11 adders
  2 shadow imps (D:6)
  6 oozes
  2 adder skeletons
  2 adder zombies
  3 worms
  4 leopard geckos
  37 orcs
  A giant cockroach (D:4)
  5 goblins
  14 hobgoblins
  2 jackals (D:7)
  6 kobolds
  3 quokkas
  2 ball pythons (D:2)
  5 bats
  3 frilled lizards
  A toadstool (D:1)
194 creatures vanquished.

Vanquished Creatures (others)
  An orc wizard (D:5)
  3 toadstools (D:1)
4 creatures vanquished.

Grand Total: 198 creatures vanquished

Notes
Turn   | Place    | Note
-------+----------+-------------------------------------------
     0 | D:1      | KristoblXynda the Kobold Gladiator began the quest for the
                  | Orb.
     0 | D:1      | Reached XP level 1. HP: 16/16 MP: 1/1
   901 | D:2      | Reached XP level 2. HP: 21/21 MP: 2/2
   920 | D:2      | Reached skill level 1 in Stealth
  1063 | D:2      | Reached XP level 3. HP: 25/26 MP: 3/3
  1246 | D:2      | Found an opulent altar of Gozag.
  1247 | D:2      | Found a sparkling altar of Nemelex Xobeh.
  1337 | D:2      | Found a corrupted altar of Lugonu.
  1436 | D:2      | Found a shadowy altar of Dithmenos.
  2079 | D:3      | Reached XP level 4. HP: 33/33 MP: 4/4
  2278 | D:3      | Found a shimmering blue altar of Sif Muna.
  2453 | D:3      | Noticed Natasha
  2524 | D:3      | Reached skill level 5 in Short Blades
  2524 | D:3      | Reached XP level 5. HP: 37/37 MP: 5/5
  2535 | D:3      | Killed Natasha
  2768 | D:4      | Noticed a sky beast
  2778 | D:4      | Killed a sky beast
  2779 | D:4      | Reached skill level 5 in Dodging
  2779 | D:4      | Reached XP level 6. HP: 31/44 MP: 6/6
  2902 | D:4      | Reached skill level 1 in Armour
  2957 | D:4      | Noticed Grinder
  2961 | D:4      | Paralysed by Grinder for 4 turns
  2977 | D:4      | Killed Grinder
  2978 | D:4      | Reached XP level 7. HP: 16/49 MP: 7/7
  3330 | D:4      | Reached skill level 5 in Fighting
  3694 | D:5      | Entered Level 5 of the Dungeon
  3763 | D:5      | Reached skill level 5 in Stealth
  3806 | D:5      | Found a glowing golden altar of the Shining One.
  3861 | D:5      | Reached XP level 8. HP: 55/55 MP: 8/8
  4375 | D:5      | Found Wapik's Antique Weapon Boutique.
  5051 | D:6      | Noticed Edmund
  5083 | D:6      | Reached XP level 9. HP: 55/62 MP: 9/9
  5092 | D:6      | Killed Edmund
  5093 | D:6      | Reached skill level 1 in Evocations
  5196 | D:6      | Found a staircase to the Ecumenical Temple.
  5206 | Temple   | Entered the Ecumenical Temple
  5435 | Temple   | Became a worshipper of Ashenzari the Shackled
  5436 | Temple   | Found the cursed amulet of Vision {SInv *Curse}
  5560 | D:6      | Found a snail-covered altar of Cheibriados.
  5729 | D:6      | Noticed a hippogriff
  5750 | D:6      | Killed a hippogriff
  5976 | D:6      | Reached skill level 5 in Armour
  6329 | D:7      | Found a radiant altar of Vehumet.
  6377 | D:7      | Reached XP level 10. HP: 68/68 MP: 12/12
  6457 | D:7      | Noticed Prince Ribbit
  6476 | D:7      | Killed Prince Ribbit
  6836 | D:7      | Reached * piety under Ashenzari
  6837 | D:7      | Noticed Menkaure
  6876 | D:7      | Killed Menkaure
  6890 | D:7      | Reached skill level 5 in Evocations
  7306 | D:8      | Found a staircase to the Lair.
  7488 | D:8      | Noticed a catoblepas
  7504 | D:8      | Killed a catoblepas
  7535 | D:8      | Reached skill level 10 in Short Blades
  7818 | D:8      | Reached skill level 10 in Stealth
  7967 | D:8      | Reached XP level 11. HP: 73/73 MP: 15/15
  7974 | D:8      | Noticed a centaur warrior
  7977 | D:8      | Noticed a deep elf mage
  8214 | D:8      | HP: 3/74 [acid (10)]
  8215 | D:8      | Splashed by a jelly's acid

Skill      XL: |  1  2  3  4  5  6  7  8  9 10 |
---------------+-------------------------------+-----
Stealth        | 1 2 3 4 5 6 8 10 | 10.1
Dodging        | 4 5 6 8 9 |  9.5
Fighting       | 4 5 6 |  6.4
Short Blades   | 5 6 7 8 10 | 10.3
Armour         | 1 2 3 5 |  5.8
Evocations     | 3 6 |  6.0
Throwing       | |  2.6

Action                   |  1- 3 |  4- 6 |  7- 9 | 10-12 || total
-------------------------+-------+-------+-------+-------++-------
Melee: Rapier            |    32 |       |       |       ||    32
       Kick              |    11 |       |       |       ||    11
       Dagger            |    51 |   127 |   197 |       ||   375
       Short sword       |       |       |   144 |   294 ||   438
Throw: Throwing net      |       |     1 |     2 |       ||     3
Invok: Curse Item        |       |       |     1 |       ||     1
  Use: Scroll            |       |     3 |     6 |     7 ||    16
       Potion            |       |       |     1 |       ||     1
 Stab: Held in net/web   |       |     2 |     2 |       ||     4
       Sleeping          |       |       |    12 |     6 ||    18
       Distracted        |       |       |     1 |       ||     1
  Eat: Chunk             |     4 |    14 |    17 |     7 ||    42
Armor: Leather armour    |    12 |    14 |       |       ||    26
       Ring mail         |       |     7 |    71 |    36 ||   114
Dodge: Dodged            |    58 |    68 |   201 |   154 ||   481
